| TOP OF THE 1ST |
|
Augusta GreenJackets batting - Pitching for Peoria Chiefs : RHP Arnaldo Cardamenho
|
|
Pitching: RHP Arnaldo Cardamenho
|
|
|
Batting: LHB Bruce Arvizu
|
0-0: Called Strike 0-1: Foul Ball, location: 2F 0-2: Strikes out swinging
|
|
Batting: RHB Armando Ramirez
|
0-0: Ball 1-0: Ball 2-0: Swinging Strike 2-1: Ball 3-1: SINGLE (Line Drive, 6, EV 96.2 MPH)
|
|
Batting: RHB Frank Pena
|
0-0: Ball 1-0: Ball 2-0: Called Strike 2-1: Swinging Strike 2-2: Strikes out looking
|
|
Batting: LHB Sam Ogg
|
0-0: Called Strike Armando Ramirez steals 2nd base 0-1: Foul Ball, location: 2F 0-2: Ball 1-2: Foul Ball, location: 2F 1-2: Strikes out looking
|
| Top of the 1st over - 0 runs, 1 hit, 0 errors, 1 left on base; Augusta 0 - Peoria 0 |
| BOTTOM OF THE 1ST |
|
Peoria Chiefs batting - Pitching for Augusta GreenJackets : LHP Mario Castro
|
|
Pitching: LHP Mario Castro
|
|
|
Batting: RHB Fekadu Alhaadi
|
0-0: Foul Ball, location: 2F 0-1: Foul Ball, location: 2F 0-2: Fly out, F7 (Flyball, 78XD, EV 94.4 MPH)
|
|
Batting: RHB Tommy Tracy
|
0-0: Fly out, F9 (Line Drive, 89M, EV 88.1 MPH)
|
|
Batting: RHB Robby Hickman
|
0-0: Ball 1-0: Called Strike 1-1: Called Strike 1-2: Foul Ball, location: 2F 1-2: Foul Ball, location: 2F 1-2: Fly out, F9 (Line Drive, 89M, EV 108.1 MPH)
|
| Bottom of the 1st over - 0 runs, 0 hits, 0 errors, 0 left on base; Augusta 0 - Peoria 0 |
| TOP OF THE 2ND |
|
Augusta GreenJackets batting - Pitching for Peoria Chiefs : RHP Arnaldo Cardamenho
|
|
Batting: LHB Oscar Tamayo
|
0-0: Ball 1-0: Ball 2-0: Ball 3-0: Base on Balls
|
|
Batting: RHB Jonathan Davis
|
0-0: Ball 1-0: Foul Ball, location: 2F 1-1: Fly out, F7 (Flyball, 7, EV 86.2 MPH)
|
|
Batting: RHB Jordan Wallace
|
0-0: Swinging Strike 0-1: Foul Ball, location: 2F 0-2: Strikes out swinging
|
|
Batting: LHB Gil Caraveo
|
0-0: Called Strike 0-1: Ball 1-1: Ball 2-1: Fly out, F8 (Flyball, 8LD, EV 96.9 MPH)
|
| Top of the 2nd over - 0 runs, 0 hits, 0 errors, 1 left on base; Augusta 0 - Peoria 0 |
| BOTTOM OF THE 2ND |
|
Peoria Chiefs batting - Pitching for Augusta GreenJackets : LHP Mario Castro
|
|
Batting: RHB Bobby Miles
|
0-0: Ball 1-0: Foul Ball, location: 2F 1-1: Ball 2-1: Foul Ball, location: 2F 2-2: Ball 3-2: Foul Ball, location: 2F 3-2: SOLO HOME RUN (Flyball, 7D, EV 100.0 MPH), Distance : 387 ft
|
|
Batting: RHB Sam Daw
|
0-0: Called Strike 0-1: Called Strike 0-2: Ball 1-2: Ball 2-2: Strikes out swinging
|
|
Batting: RHB Workneh Lagat
|
0-0: Ball 1-0: Ball 2-0: Fly out, F9 (Line Drive, 9S, EV 91.2 MPH)
|
|
Batting: RHB Roberto Ruiz
|
0-0: Called Strike 0-1: Called Strike 0-2: Ball 1-2: Ball 2-2: Foul Ball, location: 2F 2-2: Strikes out swinging
|
| Bottom of the 2nd over - 1 run, 1 hit, 0 errors, 0 left on base; Augusta 0 - Peoria 1 |
| TOP OF THE 3RD |
|
Augusta GreenJackets batting - Pitching for Peoria Chiefs : RHP Arnaldo Cardamenho
|
|
Batting: RHB Bob Schweiger
|
0-0: Called Strike 0-1: Called Strike 0-2: Strikes out looking
|
|
Batting: LHB Bruce Arvizu
|
0-0: Called Strike 0-1: Ball 1-1: Called Strike 1-2: Fly out, F7 (Flyball, 78S, EV 94.4 MPH)
|
|
Batting: RHB Armando Ramirez
|
0-0: Called Strike 0-1: Ground out 6-3 (Groundball, 6, EV 83.1 MPH)
|
| Top of the 3rd over - 0 runs, 0 hits, 0 errors, 0 left on base; Augusta 0 - Peoria 1 |
| BOTTOM OF THE 3RD |
|
Peoria Chiefs batting - Pitching for Augusta GreenJackets : LHP Mario Castro
|
|
Batting: RHB Edgar Landim
|
0-0: Ball 1-0: Fly out, F9 (Flyball, 89M, EV 85.0 MPH)
|
|
Batting: RHB Kyle Burns
|
0-0: Ball 1-0: Foul Ball, location: 2F 1-1: Ground out 1-3 (Groundball, 13, EV 69.4 MPH)
|
|
Batting: RHB Fekadu Alhaadi
|
0-0: Hit by Pitch
|
|
Batting: RHB Tommy Tracy
|
0-0: Called Strike 0-1: Ball 1-1: Swinging Strike 1-2: Ball 2-2: Ball 3-2: Base on Balls Fekadu Alhaadi to second
|
|
Batting: RHB Robby Hickman
|
0-0: Ball 1-0: Ball 2-0: Ball 3-0: Called Strike 3-1: SINGLE (Groundball, 25, EV 66.9 MPH) (infield hit) Fekadu Alhaadi to third Tommy Tracy to second
|
|
Batting: RHB Bobby Miles
|
0-0: Ball 1-0: Foul Ball, location: 2F 1-1: Ball 2-1: Ball 3-1: SINGLE (Groundball, 6D, EV 103.8 MPH) Fekadu Alhaadi scores Tommy Tracy to third Robby Hickman to second Runner from 3rd tries for Home, SAFE, throw by CF to home
|
|
Batting: RHB Sam Daw
|
0-0: Ball 1-0: SINGLE (Groundball, 6MD, EV 96.2 MPH) Robby Hickman to third Bobby Miles to second Runner from 3rd tries for Home, SAFE, throw by CF to home Bobby Miles to third Sam Daw to second
|
|
Batting: RHB Workneh Lagat
|
0-0: Ball 1-0: Called Strike 1-1: Foul Ball, location: 2F 1-2: Ball 2-2: Foul Ball, location: 2F 2-2: Foul Ball, location: 2F 2-2: Ground out 5-3 (Groundball, 56S, EV 87.5 MPH)
|
| Bottom of the 3rd over - 3 runs, 3 hits, 0 errors, 2 left on base; Augusta 0 - Peoria 4 |
| TOP OF THE 4TH |
|
Augusta GreenJackets batting - Pitching for Peoria Chiefs : RHP Arnaldo Cardamenho
|
|
Batting: RHB Frank Pena
|
0-0: Called Strike 0-1: Ball 1-1: Foul Ball, location: 2F 1-2: Ball 2-2: Foul Ball, location: 2F 2-2: Ball 3-2: Foul Ball, location: 2F 3-2: Foul Ball, location: 2F 3-2: Strikes out swinging
|
|
Batting: LHB Sam Ogg
|
0-0: Ball 1-0: SINGLE (Groundball, 6MD, EV 97.5 MPH)
|
|
Batting: LHB Oscar Tamayo
|
0-0: Foul Ball, location: 2F 0-1: Ball 1-1: Ball 2-1: Foul Ball, location: 2F 2-2: Ball 3-2: SINGLE (Groundball, 6D, EV 105.6 MPH) Sam Ogg to second
|
|
Batting: RHB Jonathan Davis
|
0-0: Called Strike 0-1: Ball 1-1: Swinging Strike 1-2: Ball 2-2: Ball 3-2: Fly out, F9 (Flyball, 89D, EV 91.9 MPH)
|
|
Batting: RHB Jordan Wallace
|
0-0: Hit by Pitch Sam Ogg to third Oscar Tamayo to second
|
|
Batting: LHB Gil Caraveo
|
0-0: DOUBLE (Line Drive, 8LXD, EV 110.0 MPH) Sam Ogg scores Oscar Tamayo scores Jordan Wallace to third Runner from 3rd tries for Home, SAFE, throw by CF to home
|
|
Batting: RHB Bob Schweiger
|
0-0: Swinging Strike 0-1: Hit by Pitch
|
|
Batting: LHB Bruce Arvizu
|
0-0: Called Strike 0-1: Called Strike 0-2: Strikes out swinging
|
| Top of the 4th over - 3 runs, 3 hits, 0 errors, 2 left on base; Augusta 3 - Peoria 4 |
| BOTTOM OF THE 4TH |
|
Peoria Chiefs batting - Pitching for Augusta GreenJackets : LHP Mario Castro
|
|
Batting: RHB Roberto Ruiz
|
0-0: SINGLE (Groundball, 6MD, EV 108.8 MPH)
|
|
Batting: RHB Edgar Landim
|
0-0: Ground out 4-3 (Groundball, 34, EV 100.6 MPH) Roberto Ruiz to second
|
|
Batting: RHB Kyle Burns
|
0-0: Ground out 6-3 (Groundball, 6, EV 87.5 MPH)
|
|
Batting: RHB Fekadu Alhaadi
|
0-0: Ground out 5-3 (Groundball, 56, EV 82.5 MPH)
|
| Bottom of the 4th over - 0 runs, 1 hit, 0 errors, 1 left on base; Augusta 3 - Peoria 4 |
| TOP OF THE 5TH |
|
Augusta GreenJackets batting - Pitching for Peoria Chiefs : RHP Arnaldo Cardamenho
|
|
Batting: RHB Armando Ramirez
|
0-0: Foul Ball, location: 2F 0-1: Swinging Strike 0-2: Strikes out swinging
|
|
Batting: RHB Frank Pena
|
0-0: Ball 1-0: SINGLE (Groundball, 34D, EV 96.9 MPH)
|
|
Batting: LHB Sam Ogg
|
0-0: Called Strike 0-1: Foul Ball, location: 2F 0-2: Ball 1-2: Strikes out swinging
|
|
Batting: LHB Oscar Tamayo
|
0-0: Swinging Strike 0-1: Swinging Strike 0-2: Ball 1-2: Ball 2-2: Strikes out swinging
|
| Top of the 5th over - 0 runs, 1 hit, 0 errors, 1 left on base; Augusta 3 - Peoria 4 |
| BOTTOM OF THE 5TH |
|
Peoria Chiefs batting - Pitching for Augusta GreenJackets : LHP Mario Castro
|
|
Batting: RHB Tommy Tracy
|
0-0: Swinging Strike 0-1: Called Strike 0-2: Ball 1-2: Foul Ball, location: 2F 1-2: Fly out, F8 (Line Drive, 8LM, EV 89.4 MPH)
|
|
Batting: RHB Robby Hickman
|
0-0: Ball 1-0: Ball 2-0: Ball 3-0: Called Strike 3-1: Base on Balls
|
|
Batting: RHB Bobby Miles
|
Pickoff Throw to First - Out! 1-3 0-0: Ball 1-0: Ground out 5-3 (Groundball, 56S, EV 66.9 MPH)
|
| Bottom of the 5th over - 0 runs, 0 hits, 0 errors, 0 left on base; Augusta 3 - Peoria 4 |
| TOP OF THE 6TH |
|
Augusta GreenJackets batting - Pitching for Peoria Chiefs : RHP Arnaldo Cardamenho
|
|
Batting: RHB Jonathan Davis
|
0-0: Swinging Strike 0-1: Foul Ball, location: 2F 0-2: Ball 1-2: Ball 2-2: Foul Ball, location: 2F 2-2: SOLO HOME RUN (Flyball, 7D, EV 101.9 MPH), Distance : 406 ft
|
|
Batting: RHB Jordan Wallace
|
0-0: Fly out, F5 (Flyball, 56D, EV 93.1 MPH)
|
|
Batting: LHB Gil Caraveo
|
0-0: Ball 1-0: Called Strike 1-1: Called Strike 1-2: Strikes out swinging
|
|
Batting: RHB Bob Schweiger
|
0-0: Ball 1-0: Ball 2-0: Ball 3-0: Called Strike 3-1: Ground out 5-3 (Groundball, 56D, EV 103.8 MPH)
|
| Top of the 6th over - 1 run, 1 hit, 0 errors, 0 left on base; Augusta 4 - Peoria 4 |
| BOTTOM OF THE 6TH |
|
Peoria Chiefs batting - Pitching for Augusta GreenJackets : LHP Mario Castro
|
|
Batting: RHB Sam Daw
|
0-0: Fly out, F3 (Line Drive, 3L, EV 73.8 MPH)
|
|
Batting: RHB Workneh Lagat
|
0-0: Ball 1-0: Fly out, F3 (Line Drive, 34, EV 76.2 MPH)
|
|
Batting: RHB Roberto Ruiz
|
0-0: Called Strike 0-1: Swinging Strike 0-2: Foul Ball, location: 2F 0-2: Ball 1-2: Foul Ball, location: 2F 1-2: Strikes out swinging
|
| Bottom of the 6th over - 0 runs, 0 hits, 0 errors, 0 left on base; Augusta 4 - Peoria 4 |
| TOP OF THE 7TH |
|
Augusta GreenJackets batting - Pitching for Peoria Chiefs : RHP Arnaldo Cardamenho
|
|
Batting: LHB Bruce Arvizu
|
0-0: Foul Ball, location: 2F 0-1: Foul Ball, location: 2F 0-2: Fly out, F7 (Flyball, 7, EV 85.6 MPH)
|
|
Batting: RHB Armando Ramirez
|
0-0: Called Strike 0-1: Ball 1-1: Called Strike 1-2: Ground out 3-1 (Groundball, 13, EV 88.1 MPH)
|
|
Batting: RHB Frank Pena
|
0-0: Called Strike 0-1: Foul Ball, location: 2F 0-2: Foul Ball, location: 2F 0-2: SINGLE (Groundball, 6MD, EV 110.6 MPH)
|
|
Pitching: RHP Mike Cain
|
|
|
Batting: LHB Sam Ogg
|
0-0: Ball 1-0: Ball Frank Pena is caught stealing 2nd base 2-6
|
| Top of the 7th over - 0 runs, 1 hit, 0 errors, 0 left on base; Augusta 4 - Peoria 4 |
| BOTTOM OF THE 7TH |
|
Peoria Chiefs batting - Pitching for Augusta GreenJackets : LHP Mario Castro
|
|
Batting: RHB Edgar Landim
|
0-0: Called Strike 0-1: Ground out 6-3 (Groundball, 6, EV 83.1 MPH)
|
|
Batting: RHB Kyle Burns
|
0-0: SINGLE (Line Drive, 34, EV 105.0 MPH)
|
|
Batting: RHB Fekadu Alhaadi
|
0-0: Called Strike 0-1: Ball 1-1: Ball 2-1: Ball 3-1: Ground out 3-1 (Groundball, 34, EV 76.2 MPH) Kyle Burns to second
|
|
Batting: RHB Tommy Tracy
|
0-0: Ball 1-0: Ball 2-0: Ball 3-0: Called Strike 3-1: Base on Balls
|
|
Pitching: LHP Kevin Drew
|
|
|
Batting: RHB Robby Hickman
|
0-0: Foul Ball, location: 2F 0-1: Ball 1-1: Ball 2-1: Ball 3-1: Base on Balls Kyle Burns to third Tommy Tracy to second
|
|
Batting: RHB Bobby Miles
|
0-0: Ball 1-0: Foul Ball, location: 2F 1-1: Called Strike 1-2: Foul Ball, location: 2F 1-2: Foul Ball, location: 2F 1-2: Strikes out swinging
|
| Bottom of the 7th over - 0 runs, 1 hit, 0 errors, 3 left on base; Augusta 4 - Peoria 4 |
| TOP OF THE 8TH |
|
Augusta GreenJackets batting - Pitching for Peoria Chiefs : RHP Mike Cain
|
|
Pitching: LHP Jake Hall
|
|
|
Batting: RHB Peter Croston
|
0-0: Called Strike 0-1: Swinging Strike 0-2: Strikes out looking
|
|
Pinch Hitting: RHB Antonio Lara
|
0-0: Ball 1-0: Called Strike 1-1: Called Strike 1-2: Hit by Pitch
|
|
Batting: RHB Jonathan Davis
|
0-0: Grounds into double play, 5-4-3 (Groundball, 56, EV 97.5 MPH)
|
| Top of the 8th over - 0 runs, 0 hits, 0 errors, 0 left on base; Augusta 4 - Peoria 4 |
| BOTTOM OF THE 8TH |
|
Peoria Chiefs batting - Pitching for Augusta GreenJackets : LHP Kevin Drew
|
|
Now at 2B: Antonio Lara
|
|
|
Now at 3B: Armando Ramirez
|
|
|
Batting: RHB Sam Daw
|
0-0: Called Strike 0-1: Ball 1-1: SINGLE (Line Drive, 4D, EV 103.8 MPH)
|
|
Batting: RHB Workneh Lagat
|
0-0: Called Strike 0-1: Ball 1-1: Ball 2-1: Foul Ball, location: 2F 2-2: Foul Ball, location: 2F 2-2: Foul Ball, location: 2F 2-2: Fly out, F4 (Line Drive, 4, EV 68.8 MPH)
|
|
Batting: RHB Roberto Ruiz
|
0-0: Ball 1-0: Swinging Strike 1-1: Ball 2-1: Called Strike 2-2: Foul Ball, location: 2F 2-2: Ball 3-2: Foul Ball, location: 2F 3-2: Foul Ball, location: 2F 3-2: Foul Ball, location: 2F 3-2: Foul Ball, location: 2F 3-2: Strikes out swinging
|
|
Batting: RHB Edgar Landim
|
0-0: Ball 1-0: Ball Sam Daw is caught stealing 2nd base 2-4
|
| Bottom of the 8th over - 0 runs, 1 hit, 0 errors, 0 left on base; Augusta 4 - Peoria 4 |
| TOP OF THE 9TH |
|
Augusta GreenJackets batting - Pitching for Peoria Chiefs : LHP Jake Hall
|
|
Pitching: RHP Pabiyan Vetlitsky
|
|
|
Batting: RHB Jordan Wallace
|
0-0: Ball 1-0: Called Strike 1-1: Ball 2-1: Ball 3-1: SINGLE (Groundball, 56D, EV 99.4 MPH) (infield hit)
|
|
Batting: LHB Gil Caraveo
|
0-0: Bunted foul 0-1: Ball 1-1: Sac Bunt to 13 - play at first, batter OUT! 1-3 Jordan Wallace to second
|
|
Pinch Hitting: SHB Ben Myers
|
0-0: Called Strike 0-1: SINGLE (Line Drive, 78M, EV 101.2 MPH) Jordan Wallace to third
|
|
Batting: LHB Bruce Arvizu
|
0-0: Ball 1-0: Swinging Strike 1-1: Ball 2-1: Foul Ball, location: 2F 2-2: Strikes out swinging
|
|
Batting: RHB Armando Ramirez
|
0-0: Fielders Choice at 2nd, 5-4 (Groundball, 5L, EV 90.6 MPH)
|
| Top of the 9th over - 0 runs, 2 hits, 0 errors, 2 left on base; Augusta 4 - Peoria 4 |
| BOTTOM OF THE 9TH |
|
Peoria Chiefs batting - Pitching for Augusta GreenJackets : LHP Kevin Drew
|
|
Pitching: LHP Bobby Storey
|
|
|
Now at C: Justin Baldwin
|
|
|
Batting: RHB Edgar Landim
|
0-0: Ball 1-0: Ball 2-0: Ball 3-0: Called Strike 3-1: Fly out, F7 (Flyball, 7D, EV 97.5 MPH)
|
|
Batting: RHB Kyle Burns
|
0-0: Ball 1-0: Ball 2-0: Called Strike 2-1: Foul Ball, location: 2F 2-2: Strikes out looking
|
|
Batting: RHB Fekadu Alhaadi
|
0-0: Ball 1-0: Called Strike 1-1: Swinging Strike 1-2: Ball 2-2: Ball 3-2: Strikes out swinging
|
| Bottom of the 9th over - 0 runs, 0 hits, 0 errors, 0 left on base; Augusta 4 - Peoria 4 |
| TOP OF THE 10TH |
|
Augusta GreenJackets batting - Pitching for Peoria Chiefs : RHP Pabiyan Vetlitsky
|
|
Batting: RHB Frank Pena
|
0-0: Ball 1-0: Called Strike 1-1: SINGLE (Groundball, 56S, EV 66.2 MPH) (infield hit)
|
|
Batting: RHB Peter Croston
|
0-0: Called Strike 0-1: Foul Ball, location: 2F 0-2: Ball 1-2: Strikes out swinging
|
|
Batting: RHB Antonio Lara
|
0-0: Ball 1-0: Fly out, F8 (Flyball, 89D, EV 96.2 MPH)
|
|
Batting: RHB Jonathan Davis
|
0-0: Called Strike 0-1: Swinging Strike 0-2: Foul Ball, location: 2F 0-2: Ball 1-2: Strikes out swinging
|
| Top of the 10th over - 0 runs, 1 hit, 0 errors, 1 left on base; Augusta 4 - Peoria 4 |
| BOTTOM OF THE 10TH |
|
Peoria Chiefs batting - Pitching for Augusta GreenJackets : LHP Bobby Storey
|
|
Pitching: RHP Ricky Fo
|
|
|
Batting: RHB Tommy Tracy
|
0-0: Called Strike 0-1: Foul Ball, location: 2F 0-2: Ball 1-2: Ball 2-2: Strikes out swinging
|
|
Batting: RHB Robby Hickman
|
0-0: Foul Ball, location: 2F 0-1: Ground out 6-3 (Groundball, 6, EV 83.8 MPH)
|
|
Batting: RHB Bobby Miles
|
0-0: Ball 1-0: Swinging Strike 1-1: Ball 2-1: Swinging Strike 2-2: Ground out 5-3 (Groundball, 56S, EV 86.2 MPH)
|
| Bottom of the 10th over - 0 runs, 0 hits, 0 errors, 0 left on base; Augusta 4 - Peoria 4 |
| TOP OF THE 11TH |
|
Augusta GreenJackets batting - Pitching for Peoria Chiefs : RHP Pabiyan Vetlitsky
|
|
Batting: RHB Jordan Wallace
|
0-0: Fly out, F7 (Line Drive, 78D, EV 103.1 MPH)
|
|
Batting: LHB Gil Caraveo
|
0-0: Ground out 4-3 (Groundball, 34, EV 95.0 MPH)
|
|
Batting: RHB Justin Baldwin
|
0-0: Called Strike 0-1: Ball 1-1: Fly out, F8 (Flyball, 8LD, EV 98.8 MPH)
|
| Top of the 11th over - 0 runs, 0 hits, 0 errors, 0 left on base; Augusta 4 - Peoria 4 |
| BOTTOM OF THE 11TH |
|
Peoria Chiefs batting - Pitching for Augusta GreenJackets : RHP Ricky Fo
|
|
Batting: RHB Sam Daw
|
0-0: Swinging Strike 0-1: Foul Ball, location: 2F 0-2: Ball 1-2: Ball 2-2: Ball 3-2: Foul Ball, location: 2F 3-2: Base on Balls
|
|
Batting: RHB Workneh Lagat
|
0-0: Foul Ball, location: 2F 0-1: Ball 1-1: Ball 2-1: DOUBLE (Line Drive, 9LS, EV 99.4 MPH) Sam Daw to third Runner from 3rd tries for Home, SAFE, throw by RF to home
|
| Bottom of the 11th over - 1 run, 1 hit, 0 errors, 1 left on base; Augusta 4 - Peoria 5 |
|